AoeStats
← NuMa | Gacha

Arabia

506228221Analyzed
4v4 RM · 21d ago on Sep 12, 2026· 38m 24s· 8 players
Game mode
Random Map
Map size
Large (8 player)
Population
200
Speed
Normal
Resources
Standard
Victory
Conquest
Starting age
Dark Age
Ending age
Imperial Age
RankedLock teamsTeams togetherTeam positionsShared explorationLock speedFull tech treeHidden civsTurbo modeCheats
Victory
Defeat
🇵🇱 Britons · Poland
1312
+10
🇨🇴 Franks · Colombia
1260
+12
🇨🇴 Italians · Colombia
1085
+19
🇨🇴 Lithuanians · Colombia
1051
+59
🇦🇷 Ethiopians · Argentina
1194
-17
🇦🇷 Mongols · Argentina
1149
-15
🇫🇷 Maya · France
1146
-15
🇩🇪 Hindustanis · Germany
1130
-14
Bukele
10:53 Feudal Age
15:08 Castle Age
16:08 Loom
22:01 Wheelbarrow
23:59 Double-Bit Axe
26:36 Bloodlines
30:46 Forging
31:48 Scale Barding Armor
31:57 Town Watch
33:05 Chain Barding Armor
33:23 Husbandry
Melkro
0:29 Loom
10:26 Feudal Age
11:10 Double-Bit Axe
14:35 Fletching
14:46 Padded Archer Armor
16:49 Gold Mining
24:10 Castle Age
24:16 Crossbowman
25:40 Bodkin Arrow
27:43 Leather Archer Armor
32:46 Thumb Ring
JeanC
1:05 Loom
10:31 Feudal Age
11:19 Double-Bit Axe
12:56 Bloodlines
13:17 Gold Mining
18:12 Forging
19:53 Scale Barding Armor
20:31 Wheelbarrow
27:29 Castle Age
26:19 Scale Mail Armor
28:28 Husbandry
29:28 Iron Casting
30:20 Chain Barding Armor
35:12 Chain Mail Armor
35:14 Horse Collar
38:19 Padded Archer Armor
el maldito asfalto
6:24 Loom
6:35 Loom
9:03 Feudal Age
10:22 Double-Bit Axe
16:00 Fletching
21:17 Padded Archer Armor
26:44 Wheelbarrow
29:36 Castle Age
29:07 Gold Mining
29:41 Crossbowman
30:22 Bodkin Arrow
33:51 Thumb Ring
34:44 Ballistics
DeadlyAgus
4:32 Loom
11:08 Feudal Age
14:29 Scale Barding Armor
16:38 Gold Mining
16:35 Double-Bit Axe
20:25 Bloodlines
26:16 Castle Age
27:07 Husbandry
30:09 Forging
31:23 Chain Barding Armor
32:48 Iron Casting
NuMa | Gacha
8:06 Loom
10:33 Feudal Age
10:59 Double-Bit Axe
23:18 Castle Age
33:49 Stone Mining
36:58 Wheelbarrow
36:44 Town Watch
NuMa | DraKKo
7:35 Loom
10:01 Feudal Age
10:47 Double-Bit Axe
21:51 Castle Age
20:42 Scale Barding Armor
20:48 Forging
21:48 Gold Mining
24:26 Chain Barding Armor
30:39 Iron Casting
32:38 Wheelbarrow
32:18 Bow Saw
34:51 Husbandry
35:27 Pikeman
Hellemperor
7:23 Loom
9:33 Feudal Age
10:34 Double-Bit Axe
14:20 Fletching
20:34 Wheelbarrow
24:52 Castle Age
24:57 Crossbowman
25:33 Bodkin Arrow
26:29 Padded Archer Armor
29:03 Ballistics
29:38 Gold Mining
30:01 Bow Saw
29:32 Horse Collar
29:41 Town Watch
30:34 Leather Archer Armor
41:00 Imperial Age
Connection lost

Rejoining the realm…

Still unreachable

The connection could not be restored.

Session expired

The server has moved on; the page needs a fresh start.